 Dungeon Crawl Stone Soup version 0.23.2-1-ga50397a (webtiles) character file.

Game seed: 16857003600923503687

46 doot the Gusty (level 3, 0/19 HPs)
             Began as a Tengu Air Elementalist on May 12, 2019.
             Slain by an adder (4 damage)
             ... on level 2 of the Dungeon.
             The game lasted 00:01:57 (989 turns).

doot the Gusty (Tengu Air Elementalist)              Turns: 989, Time: 00:01:57

Health: 0/19       AC:  2    Str:  8    XL:     3   Next: 66%
Magic:  7/7        EV: 13    Int: 16    God:
Gold:   120        SH:  0    Dex: 14    Spells: 4/7 levels left

rFire    . . .     SeeInvis .   (no weapon)
rCold    . . .     Gourm    .   (no shield)
rNeg     . . .     Faith    .   a - +0 robe
rPois    .         Spirit   .   (helmet restricted)
rElec    .         Reflect  .   (no cloak)
rCorr    .         Harm     .   (no gloves)
MR       .....                  (boots unavailable)
Stlth    ++........             (no amulet)
HPRegen  0.06/turn              (no ring)
MPRegen  0.10/turn              (no ring)

@: no status effects
A: beak, talons 3
a: no special abilities


You were on level 2 of the Dungeon.
You were not hungry.

You visited 1 branch of the dungeon, and saw 2 of its levels.

You collected 120 gold pieces.

Inventory:

Armour
 a - a +0 robe (worn)
Jewellery
 e - an uncursed ring of fire {unknown}
Scrolls
 b - a scroll of teleportation {unknown}
 g - a scroll of enchant armour {unknown}
 i - a scroll of identify {unknown}
Potions
 f - 2 potions of heal wounds {unknown}
 h - a potion of flight {unknown}
 j - a potion of degeneration {unknown}
 k - a potion of lignification {unknown}
Comestibles
 c - 4 rations
 d - a chunk of flesh


   Skills:
 + Level 2.4 Dodging
 + Level 2.1 Stealth
 + Level 2.5 Spellcasting
 + Level 2.1 Conjurations
 + Level 5.0 Air Magic


You had 4 spell levels left.
You knew the following spells:

 Your Spells              Type           Power        Failure   Level  Hunger
a - Shock                 Conj/Air       ##..         4%          1    #......
b - Swiftness             Chrm/Air       ##......     11%         2    ##.....

Your spell library contained the following spells:

 Spells                   Type           Power        Failure   Level  Hunger
 Static Discharge         Conj/Air       ##......     14%         3    ###....
 Airstrike                Air            ###.......   26%         4    #####..
 Lightning Bolt           Conj/Air       ##........   77%         5    ######.


Dungeon Overview and Level Annotations

Branches:
Dungeon (2/15)

Altars:
Nemelex Xobeh
The Shining One


Innate Abilities, Weirdness & Mutations

You have a beak for a mouth.
You have claws for feet.


Message History

HP restored.
You start resting.
Magic restored.
An adder comes into view.
An adder is nearby!
A centaur comes into view.
The centaur shouts!
The centaur wields a +0 shortbow.
The centaur shoots an arrow.
The arrow closely misses you.
You see here an arrow.
The adder barely misses you.
The centaur shoots an arrow.
The arrow hits you!
Ouch! That really hurt!
* * * LOW HITPOINT WARNING * * *
You see here an arrow.
Unknown command.
A quokka comes into view.
The adder closely misses you. The adder bites you but does no damage.
The quokka misses you. The adder bites you.
You die...

.........#.........(#
........##..........#
........###.#####(###
............##....c#
.........รท###......#
..........#........#
.........##........#
............######.#
................@S.#
.......#.........r.#
....#.#............#
......#.............#
..................#.#
.....##. ####.#####.#
.....# #. .# ......
#. .. ......


You could see an adder and a quokka.

Vanquished Creatures
  A worker ant (D:2)
  An ooze (D:2)
  A bat (D:2)
  A giant cockroach (D:1)
  4 hobgoblins (D:1)
  2 jackals (D:1)
  A quokka (D:2)
  3 goblins (D:1)
  A kobold (D:2)
  3 rats
18 creatures vanquished.

Notes
Turn   | Place    | Note
-------+----------+-------------------------------------------
     0 | D:1      | doot the Tengu Air Elementalist began the quest for the
                  | Orb.
     0 | D:1      | Reached XP level 1. HP: 10/10 MP: 4/4
   230 | D:1      | Reached XP level 2. HP: 15/15 MP: 0/6
   234 | D:1      | Learned a level 2 spell: Swiftness
   481 | D:2      | Found a sparkling altar of Nemelex Xobeh.
   481 | D:2      | Found a glowing golden altar of the Shining One.
   527 | D:2      | Reached XP level 3. HP: 11/19 MP: 0/7
   788 | D:2      | Reached skill level 5 in Air Magic
   980 | D:2      | Noticed a centaur
   989 | D:2      | Slain by an adder

Skill      XL: |  1  2  3 |
---------------+----------+-----
Conjurations   | 2 |  2.1
Air Magic      | 5 |  5.0
Dodging        | |  2.4
Stealth        | |  2.1
Spellcasting   | |  2.5

Action                   || total
-------------------------++-------
 Cast: Shock             ||    42
  Eat: Chunk             ||     1
Armor: Robe              ||     4
Dodge: Dodged            ||    12
